 Dungeon Crawl Stone Soup version 0.20-a0-217-g17e8ceb (webtiles) character file.

88 Gorice the Vexing (level 4, -8/40 HPs)
             Began as a Kobold Arcane Marksman on Nov 28, 2016.
             Mangled by a gnoll
             ... wielding a +0 halberd
              (19 damage)
             ... on level 2 of the Dungeon.
             The game lasted 00:08:23 (1910 turns).

Gorice the Vexing (Kobold Arcane Marksman)          Turns: 1910, Time: 00:08:23

Health: -8/40      AC:  2    Str: 14    XL:     4   Next: 81%
Magic:  7/7        EV: 16    Int: 14    God:
Gold:   68         SH:  0    Dex: 14    Spells: 6/7 levels left

rFire  . . .     SeeInvis .     a - +0 short sword
rCold  . . .     Gourm    .     e - +0 robe
rNeg   . . .     Faith    .     (shield restricted)
rPois  .         Spirit   .     (no helmet)
rElec  .         Reflect  .     (no cloak)
rCorr  .         Harm     .     (no gloves)
MR     .....                    (no boots)
Stlth  ..........               k - amulet of rage
                                (no ring)
                                (no ring)

@: berserking, very quick
A: carnivore 3
a: Evoke Berserk Rage


You were on level 2 of the Dungeon.
You were full.

You visited 1 branch of the dungeon, and saw 2 of its levels.

You collected 68 gold pieces.

Inventory:

Hand Weapons
 a - a +0 short sword (weapon)
 b - a +0 hand crossbow
Missiles
 d - a bolt
 h - 16 poisoned needles
 Z - 38 stones (quivered)
Armour
 e - a +0 robe (worn)
Jewellery
 k - an amulet of rage (around neck)
Scrolls
 g - a scroll of fog
Books
 c - a book of Debilitation
Comestibles
 f - 3 meat rations {!e}
 j - a beef jerky


   Skills:
 + Level 2.4 Fighting
 + Level 3.2 Crossbows
 + Level 3.2 Dodging
 - Level 2.0 Spellcasting
 + Level 3.5 Hexes


You had 6 spell levels left.
You knew the following spells:

 Your Spells              Type           Power        Failure   Level  Hunger
a - Corona                Hex            ##.....      6%          1    ##.....


Dungeon Overview and Level Annotations

Branches:
Dungeon (2/15)

Altars:
Xom


Innate Abilities, Weirdness & Mutations

You are small and have problems with some larger weapons.
You are carnivorous and can eat meat at any time.


Message History

Damage: 2 (max 2)
You hit the rat.
The rat is moderately wounded.
The rat bites you. The rat misses you.
Damage: 1 (max 2)
You closely miss the rat.
The rat is moderately wounded.
The rat bites you.
Damage: 1 (max 2)
You hit the rat.
You kill the rat!
You see here a rat corpse.
You see here a rat corpse.
You butcher the rat corpse.
i - a chunk of flesh You start resting.
Eating a chunk of flesh.
You start eating the chunk of flesh.
This raw flesh tastes great.
You feel yourself speed up.
You start resting.
You feel less exhausted.
You start resting.
HP restored.
Found 8 gold pieces.
You now have 68 gold pieces (gained 4).
The gnoll shouts!
The gnoll misses you. The gnoll hits you with a halberd!
Damage: 7 (max 7)
A red film seems to cover your vision as you go berserk!
You feel yourself moving faster!
You feel mighty!
You puncture the gnoll!
The gnoll is severely wounded.
The gnoll barely misses you.
You hit the gnoll.
The gnoll is severely wounded.
The gnoll misses you.
You closely miss the gnoll.
The gnoll is severely wounded.
You closely miss the gnoll.
The gnoll is severely wounded.
The gnoll hits you with a halberd!!
* * * LOW HITPOINT WARNING * * *
Damage: 19 (max 19)
You barely miss the gnoll.
The gnoll is severely wounded.
You closely miss the gnoll.
The gnoll is severely wounded.
The gnoll hits you with a halberd!!
You die...

.......# ####....#g### ##....
..#....# #..#.####.# #...#
....... ##....# #.# #....
.#.....#####....# ##.#######...#
.##..# ...#...#.####.?##.......##
..##.####.#.#.#<.#...###(........
...............(.((...(...###.#..
###......#.##.#..................
##..##........@.......####.#...
#.####......(g.(..............
#............<..#..#......# ...
#.#..................##.### ...
#. ....................... .. $.
.....................### ..#
........!.........###
.g...............#
...#............##


You could see a gnoll.

Vanquished Creatures
  3 gnolls (D:2)
  An adder (D:2)
  An ooze (D:1)
  2 worms
  A dart slug (D:2)
  2 leopard geckos (D:1)
  4 bats (D:1)
  A giant cockroach (D:1)
  3 goblins (D:1)
  5 hobgoblins (D:1)
  2 quokkas (D:2)
  3 frilled lizards (D:1)
  5 kobolds (D:1)
  6 rats
39 creatures vanquished.

Notes
Turn   | Place    | Note
-------+----------+-------------------------------------------
     0 | D:1      | Gorice the Kobold Arcane Marksman began the quest for the Orb.
     0 | D:1      | Reached XP level 1. HP: 12/12 MP: 2/2
    79 | D:1      | Found a shimmering altar of Xom.
   107 | D:1      | Reached XP level 2. HP: 16/16 MP: 0/4
   228 | D:1      | Reached skill level 2 in Spellcasting
   274 | D:1      | Reached XP level 3. HP: 16/21 MP: 1/6
  1047 | D:1      | Reached skill level 2 in Fighting
  1231 | D:1      | Reached skill level 3 in Crossbows
  1231 | D:1      | Reached XP level 4. HP: 22/26 MP: 5/7
  1338 | D:2      | Reached skill level 3 in Dodging
  1908 | D:2      | HP: 11/40 [gnoll/halberd (19)]
  1910 | D:2      | Mangled by a gnoll

Vault maps used:
D:1:      saegor_arrival_under_anarchy, st_stairs_5, xom_teletrap_fun
D:2:      first_bread

Skill      XL: |  1  2  3  4 |
---------------+-------------+-----
Spellcasting   | 2 |  2.0
Fighting       | 2 |  2.4
Crossbows      | 3 |  3.2
Dodging        | 3 |  3.2
Hexes          | |  3.5

Action                   |  1- 3 |  4- 6 || total
-------------------------+-------+-------++-------
Melee: Short sword       |       |    21 ||    21
 Fire: Hand crossbow     |    62 |    20 ||    82
 Cast: Corona            |    20 |     8 ||    28
 Abil: Evoke Berserk Rag |       |     3 ||     3
  Use: Scroll            |     3 |       ||     3
  Eat: Chunk             |    10 |     2 ||    12
Armor: Robe              |    11 |     1 ||    12
Dodge: Dodged            |    43 |    27 ||    70

Table legend:
 A = Turns spent in this place as a percentage of turns spent in the entire game.
 B = Non-inter-level travel turns spent in this place as a percentage of non-inter-level travel turns spent in the entire game.
 C = Inter-level travel turns spent in this place as a percentage of turns spent in this place.
 D = Turns resting spent in this place as a percentage of non-inter-level travel turns spent in this place.
 E = Turns spent auto-exploring this place as a percentage of non-inter-level travel turns spent in this place.
 F = Non-inter-level travel turns spent in this place divided by the number of levels of this place that you've seen.
                   A       B       C       D       E      F
               +-------+-------+-------+-------+-------+----------------------
         Total | 100.0 | 100.0 |   0.8 |   4.0 |   3.4 | 322.0
       Dungeon | 100.0 | 100.0 |   0.8 |   4.0 |   3.4 | 322.0
               +-------+-------+-------+-------+-------+----------------------

Vault maps used:
D:1:      saegor_arrival_under_anarchy, st_stairs_5, xom_teletrap_fun
D:2:      first_bread
